 Dungeon Crawl Stone Soup version 0.25-a0-362-g90ccd6aac3 (console) character file.

Game seed: 14856925637946981543, levelgen mode: deterministic

7 Kagalorn the Vexing (level 2, 0/25 HPs)
             Began as a Naga Arcane Marksman on Jan 4, 2020.
             Slain by a bat (1 damage)
             ... on level 1 of the Dungeon.
             The game lasted 00:01:27 (379 turns).

Kagalorn the Vexing (Naga Arcane Marksman)           Turns: 379, Time: 00:01:28

Health: 0/25       AC:  1    Str: 12    XL:     2   Next: 0%
Magic:  3/3        EV: 10    Int: 13    God:
Gold:   15         SH:  0    Dex: 11    Spells: 2/3 levels left

rFire    . . .     SeeInvis +   (no weapon)
rCold    . . .     Gourm    .   (no shield)
rNeg     . . .     Faith    .   e - +0 robe
rPois    +         Spirit   .   (no helmet)
rElec    .         Reflect  .   (no cloak)
rCorr    .         Harm     .   (no gloves)
MR       .....                  (no barding)
Stlth    +.........             (no amulet)
HPRegen  0.08/turn              (no ring)
MPRegen  0.08/turn              (no ring)

@: very slow
A: large, see invisible, deformed body, poison resistance, slowness 2, slow
metabolism 1, spit poison 1, AC +0
a: Spit Poison


You were on level 1 of the Dungeon.
You were not hungry.

You visited 1 branch of the dungeon, and saw 1 of its levels.

You collected 15 gold pieces.

Inventory:

Hand Weapons
 a - a +0 hand crossbow
Missiles
 d - 20 bolts
Armour
 e - a +0 robe (worn)
Scrolls
 c - a scroll of enchant armour {unknown}
Potions
 b - a potion of haste {unknown}
Comestibles
 f - a ration
 g - 4 chunks of flesh


   Skills:
 - Level 1.0 Fighting
 * Level 2.4 Crossbows
 - Level 1.5 Dodging
 - Level 1.0 Spellcasting
 - Level 3.0 Hexes


You had 2 spell levels left.
You knew the following spells:

 Your Spells              Type           Power        Failure   Level  Hunger
a - Corona                Hex            #......      9%          1    ##.....

Your spell library contained the following spells:

 Spells                   Type           Power        Failure   Level  Hunger
 Slow                     Hex            #.......     12%         2    ###....
 Inner Flame              Hex/Fire       #.......     41%         3    ####...
 Portal Projectile        Hex/Tloc       #.....       41%         3    ####...
 Cause Fear               Hex            #.........   63%         4    #####..
 Leda's Liquefaction      Hex/Erth       #.........   83%         4    #####..


Dungeon Overview and Level Annotations

Branches:
Dungeon (1/15)

Altars:


Innate Abilities, Weirdness & Mutations

You cannot wear boots.
Your serpentine skin is tough. (AC +0)
You have supernaturally acute eyesight. (SInv)
Armour fits poorly on your strangely shaped body.
Your system is resistant to poisons. (rPois)
You cover ground very slowly.
You have a slow metabolism.
You can spit poison.


Message History

The leopard gecko closely misses you. The bat hits you.
* * * LOW HITPOINT WARNING * * *
You miss the leopard gecko.
The leopard gecko is almost dead.
The bat closely misses you. The leopard gecko barely misses you.
The leopard gecko misses you.
You closely miss the leopard gecko.
The leopard gecko is almost dead.
The bat barely misses you. The leopard gecko bites you.
* * * LOW HITPOINT WARNING * * *
You hit the leopard gecko.
You kill the leopard gecko!
You have reached level 2!
The bat hits you but does no damage. The bat completely misses you.
You closely miss the bat. The bat barely misses you.
The bat hits you but does no damage.
You hit the bat.
The bat is severely wounded.
The bat hits you.
You die...

## ..# ##+#####.##
#.........## ###
+.......... ...
#...!.....# #.#
..........## #.#
#..........## #.#
#........#@.###### #.#
#........#b......####.#
.........#.......#..#รท#
[.......(#.......'.)..#
.........#.#######.<#.#
.........#.# ###.'..#.#
.........#.###...####.#
.).......#.##...## #.#
........b#.##..## #.#


You could see a bat.

Vanquished Creatures
  A leopard gecko (D:1)
  A hobgoblin (D:1)
  5 rats (D:1)
7 creatures vanquished.

Notes
Turn   | Place    | Note
-------+----------+-------------------------------------------
     0 | D:1      | Kagalorn the Naga Arcane Marksman began the quest for the
                  | Orb.
     0 | D:1      | Reached XP level 1. HP: 18/18 MP: 2/2
   377 | D:1      | Reached XP level 2. HP: 1/25 MP: 3/3
   379 | D:1      | Slain by a bat

Levels and vault maps discovered:
D:1:      dpeg_arrival_ratfight, layout_basic

Skill      XL: |  1 |
---------------+----+-----
Crossbows      | 2 |  2.4
Fighting       | |  1.0
Dodging        | |  1.5
Spellcasting   | |  1.0
Hexes          | |  3.0

Action                   || total
-------------------------++-------
Melee: Unarmed           ||    37
 Stab: Sleeping          ||     1
Armor: Robe              ||     9
Dodge: Dodged            ||    23

Table legend:
 A = Non-vault XP
 B = Vault XP
 C = Vault XP percentage of total XP
 D = Non-vault monster count
 E = Vault monster count
 F = Vault count percentage of total count
                 A         B        C        D         E       F
            +---------+---------+-------+---------+---------+-------
      Total |       5 |       5 |  50.0 |       2 |       5 |  71.4
            +---------+---------+-------+---------+---------+-------
        D:1 |       5 |       5 |  50.0 |       2 |       5 |  71.4
            +---------+---------+-------+---------+---------+-------
